 Dungeon Crawl Stone Soup version 0.21-a0-358-g8928369 (webtiles) character file.

464 qqqbard the Cudgeler (level 7, -1/44 HPs)
             Began as a Gargoyle Berserker on Oct 12, 2017.
             Was a Priest of Trog.
             Slain by an orc warrior
             ... wielding a +0 short sword
              (11 damage)
             ... on level 4 of the Dungeon.
             The game lasted 00:04:19 (2578 turns).

qqqbard the Cudgeler (Gargoyle Berserker)           Turns: 2578, Time: 00:04:20

Health: -1/44      AC: 15    Str: 25    XL:     7   Next: 7%
Magic:  7/7        EV:  9    Int:  7    God:    Trog [***...]
Gold:   103        SH:  0    Dex:  9    Spells: 6/6 levels left

rFire    + . .     SeeInvis .   a - +0 mace
rCold    . . .     Gourm    .   (no shield)
rNeg     + . .     Faith    .   p - +0 chain mail
rPois    ∞         Spirit   .   (no helmet)
rElec    +         Reflect  .   (no cloak)
rCorr    .         Harm     .   (no gloves)
MR       ++...                  k - +0 pair of boots
Stlth    ..........             (no amulet)
HPRegen  1.14/turn              g - +2 ring of strength
MPRegen  0.10/turn              o - ring of protection from fire

@: regenerating
A: negative energy resistance 1, electricity resistance, unbreathing,
petrification resistance, rot immunity, AC +4
a: Berserk, Trog's Hand, Burn Spellbooks, Renounce Religion


You were on level 4 of the Dungeon.
You worshipped Trog.
Trog was most pleased with you.
You were near starving.

You visited 1 branch of the dungeon, and saw 4 of its levels.

You collected 103 gold pieces.

Inventory:

Hand Weapons
 a - a +0 mace (weapon)
Armour
 k - a +0 pair of boots (worn)
 p - a +0 chain mail (worn)
Jewellery
 g - a +2 ring of strength (left hand)
 o - a ring of protection from fire (right hand)
Scrolls
 f - 2 scrolls of enchant armour {unknown}
 h - 3 scrolls of remove curse {unknown}
 m - a scroll of enchant weapon {unknown}
 q - a scroll of identify {unknown}
 r - a scroll of teleportation {unknown}
Potions
 b - a potion of brilliance {unknown}
 e - 3 potions of curing
 j - a potion of heal wounds {unknown}
 l - 2 potions of flight {unknown}
Comestibles
 c - 6 bread rations
 d - a royal jelly
 i - 8 fruits
 n - a meat ration


   Skills:
 + Level 4.8 Fighting
 * Level 5.4 Maces & Flails
 + Level 4.0 Armour
 + Level 3.0 Dodging


You had 6 spell levels left.
You didn't know any spells.

Dungeon Overview and Level Annotations

Branches:
Dungeon (4/15)
 Temple: D:4-7

Altars:
Ashenzari
Ru
The Shining One


Innate Abilities, Weirdness & Mutations

You are resistant to torment.
Your stone body is resilient. (AC +4)
You are immune to poison.
You resist negative energy. (rN+)
You are resistant to electric shocks. (rElec)
You can survive without breathing.
You are immune to petrification.
You are immune to rotting.


Message History

The orc wizard blinks!
The orc wizard mumbles some strange words.
The orc wizard blinks!
You feel the effects of Trog's Hand fading.
The orc wizard gestures at you while chanting.
You resist with almost no effort. The orc wizard casts a spell at you.
The magic dart hits you!
* * * LOW HITPOINT WARNING * * *
The orc wizard points at you and mumbles some strange words.
The magic dart hits you!
* * * LOW HITPOINT WARNING * * *
Your skin stops crawling.
You feel less resistant to hostile enchantments.
You hit the orc warrior but do no damage.
Your skin crawls.
You feel resistant to hostile enchantments.
You feel somewhat more hungry.
The orc warrior hits you with a short sword!
You die...

...............##...#.....##
........##.....##...#.......
........##.....##...#.......
................#...'.......
..##............+...#.......
..##............#...#.......
........##.....##...#.......
........##....o##...#.......
........#.....oo@...#.......
........#.....o######.......
........#......##...#.......
........#...<.......#
####....##.....##...#
#....##.....##...#
....#.......#.>.#
#.......#...# #.......#...#


You could see an orc warrior, an orc wizard and 2 orcs.

Vanquished Creatures
  Sigmund (D:3)
  A phantom (D:4)
  2 orc wizards
  Natasha (thrice) (D:3)
  2 adders (D:2)
  An ooze (D:1)
  A worm (D:3)
  2 leopard geckos
  4 orcs (D:3)
  3 ball pythons
  4 giant cockroaches
  7 goblins
  9 hobgoblins
  A jackal (D:2)
  14 bats
  5 frilled lizards
  8 kobolds
  8 rats
76 creatures vanquished.

Notes
Turn   | Place    | Note
-------+----------+-------------------------------------------
     0 | D:1      | qqqbard the Gargoyle Berserker began the quest for the Orb.
     0 | D:1      | Reached XP level 1. HP: 14/14 MP: 1/1
    95 | D:1      | Reached XP level 2. HP: 16/19 MP: 2/2
   250 | D:1      | Reached XP level 3. HP: 18/23 MP: 3/3
   293 | D:1      | Reached ** piety under Trog
   791 | D:2      | Found a shattered altar of Ashenzari.
   811 | D:2      | Found a sacrificial altar of Ru.
   825 | D:2      | Reached XP level 4. HP: 25/29 MP: 4/4
   976 | D:2      | Reached skill level 4 in Maces & Flails
  1609 | D:3      | Found a glowing golden altar of the Shining One.
  1717 | D:3      | Noticed Natasha
  1721 | D:3      | Killed Natasha
  1721 | D:3      | Reached XP level 5. HP: 27/33 MP: 5/5
  1749 | D:3      | Reached *** piety under Trog
  1752 | D:3      | Noticed Natasha
  1758 | D:3      | Killed Natasha
  1880 | D:3      | Noticed Sigmund
  1932 | D:3      | Killed Sigmund
  1932 | D:3      | Reached skill level 5 in Maces & Flails
  1932 | D:3      | Reached XP level 6. HP: 14/39 MP: 6/6
  2006 | D:3      | Noticed Natasha
  2042 | D:3      | Killed Natasha
  2505 | D:4      | Noticed a phantom
  2540 | D:4      | Killed a phantom
  2540 | D:4      | Reached XP level 7. HP: 44/44 MP: 7/7
  2578 | D:4      | Slain by an orc warrior

Vault maps used:
D:1:      lightli_arrival_statue_moat, minmay_pentomino_r2
D:2:      nicolae_ru_great_annihilating_truth, lemuel_coloured_pillars_altar
D:3:      lemuel_crystal_altar, first_bread, corexii_shack,
          minmay_large_rounded_square, uniq_sigmund, uniq_natasha

Skill      XL: |  1  2  3  4  5  6 |
---------------+-------------------+-----
Dodging        | 2 3 |  3.0
Maces & Flails | 4 5 |  5.4
Armour         | 3 4 |  4.0
Fighting       | 4 |  4.8

Action                   |  1- 3 |  4- 6 |  7- 9 || total
-------------------------+-------+-------+-------++-------
Melee: Mace              |    98 |   204 |     8 ||   310
Invok: Burn Spellbooks   |       |     1 |       ||     1
       Trog's Hand       |       |     1 |     2 ||     3
  Use: Potion            |       |     1 |       ||     1
 Stab: Paralysed         |       |     2 |       ||     2
  Eat: Chunk             |       |     5 |       ||     5
Armor: Animal skin       |    43 |    54 |       ||    97
       Chain mail        |       |    60 |    10 ||    70
Dodge: Dodged            |    85 |   121 |     5 ||   211

Table legend:
 A = Spawn XP
 B = Non-spawn XP
 C = Spawn XP percentage of total XP
 D = Spawn monster count
 E = Non-spawn monster count
 F = Spawn count percentage of total count
 G = Total turns spent on level
                    A         B        C        D         E        F      G
               +---------+---------+-------+---------+---------+-------+---------
         Total |       0 |     663 |   0.0 |       0 |      76 |   0.0 |  2578
               +---------+---------+-------+---------+---------+-------+---------
           D:1 |       0 |      51 |   0.0 |       0 |      28 |   0.0 |   709
           D:2 |       0 |      98 |   0.0 |       0 |      26 |   0.0 |   900
           D:3 |       0 |     385 |   0.0 |       0 |      19 |   0.0 |   853
           D:4 |       0 |     129 |   0.0 |       0 |       3 |   0.0 |   116
               +---------+---------+-------+---------+---------+-------+---------
